 Dungeon Crawl Stone Soup version 0.26-a0-778-g3fe0686644 (webtiles) character file.

Game seed: 16754723871294724579

78 marklar909 the Digger (level 4, 0/33 HPs)
             Began as a Draconian Earth Elementalist on Nov 10, 2020.
             Slain by an adder (1 damage)
             ... on level 5 of the Dungeon.
             The game lasted 00:02:45 (2153 turns).

marklar909 the Digger (DrEE)                        Turns: 2153, Time: 00:02:46

Health: 0/33       AC:  8    Str: 11    XL:     4   Next: 15%
Magic:  8/8        EV: 12    Int: 16    God:
Gold:   89         SH:  0    Dex: 11    Spells: 8/9 levels left

rFire    . . .     SeeInvis .   b - +0 whip
rCold    . . .     Faith    .   (no shield)
rNeg     . . .     Spirit   .   (armour unavailable)
rPois    .         Reflect  .   (helmet restricted)
rElec    .         Harm     .   e - +0 cloak
rCorr    .         Rampage  .   f - +1 pair of gloves
MR       .....                  (no boots)
Stlth    ++........             (no amulet)
HPRegen  0.11/turn              (no ring)
MPRegen  0.11/turn              (no ring)

@: lethally poisoned (0 -> -2)
A: unfitting armour, cold-blooded, AC +5
a: no special abilities


You were on level 5 of the Dungeon.
You visited 1 branch of the dungeon, and saw 4 of its levels.

You collected 89 gold pieces.

Inventory:

Hand Weapons
 b - a +0 whip (weapon)
Armour
 e - a +0 cloak (worn)
 f - a +1 pair of gloves (worn)
Jewellery
 g - an uncursed ring of protection from magic {unknown}
Scrolls
 a - a scroll of identify
 c - 3 scrolls of remove curse
 d - a scroll of enchant armour {unknown}
 h - a scroll of enchant weapon {unknown}


   Skills:
 + Level 0.3 Fighting
 + Level 0.7 Maces & Flails
 + Level 2.1 Dodging
 + Level 1.9 Stealth
 + Level 0.3 Unarmed Combat
 + Level 3.0 Spellcasting
   Level 1.0 Transmutations
 + Level 3.7 Earth Magic


You had 8 spell levels left.
You knew the following spells:

 Your Spells              Type           Power        Failure   Level
a - Sandblast             Erth           ##....       4%          1

Your spell library contained the following spells:

 Spells                   Type           Power        Failure   Level
 Passwall                 Tmut/Erth      ##......     11%         2
 Stone Arrow              Conj/Erth      #.....       26%         3
 Petrify                  Tmut/Erth      ##......     56%         4
 Lee's Rapid Deconstruct  Erth           ##........   73%         5


Dungeon Overview and Level Annotations

Branches:
Dungeon (5/15)
 Temple: D:4-7

Altars:


Innate Abilities, Weirdness & Mutations

Your plain brown scales are hard. (AC +5)
You cannot fit into any form of body armour.
You are cold-blooded and may be slowed by cold attacks.


Message History

You closely miss the adder.
* * * LOW HITPOINT WARNING * * *
You feel sick. The adder bites you but does no damage.
You hit the adder but do no damage. The adder barely misses you.
The adder bites you but does no damage.
You closely miss the adder. The adder closely misses you.
You miss the adder.
* * * LOW HITPOINT WARNING * * *
You feel sick. The adder misses you.
You miss the adder. The adder completely misses you.
The adder bites you but does no damage.
You hit the adder but do no damage. The adder barely misses you.
You hit the adder.
The adder is moderately wounded.
* * * LOW HITPOINT WARNING * * *
You feel sick. The adder bites you but does no damage.
You miss the adder.
Your tail-slap misses the adder.
The adder is moderately wounded.
The adder barely misses you. The adder bites you.
You die...

###
#..
#.#
#.#
#.#
#S#
#@#
###


You could see an adder.

Vanquished Creatures
  A hound (D:4)
  A gnoll (D:4)
  An adder (D:2)
  3 bats (D:2)
  A giant cockroach (D:1)
  4 hobgoblins (D:1)
  9 kobolds
  A quokka (D:2)
  3 frilled lizards
  3 goblins
  6 rats
33 creatures vanquished.

Notes
Turn   | Place    | Note
-------+----------+-------------------------------------------
     0 | D:1      | marklar909 the Draconian Earth Elementalist began the quest
                  | for the Orb.
     0 | D:1      | Reached XP level 1. HP: 14/14 MP: 3/3
   498 | D:1      | Reached XP level 2. HP: 20/20 MP: 3/5
  1267 | D:2      | Reached XP level 3. HP: 26/26 MP: 2/7
  1298 | D:2      | HP: 1/26 [worm (9)]
  2080 | D:2      | You fall into a shaft and drop 2 floors!
  2113 | D:4      | Reached XP level 4. HP: 18/33 MP: 8/8
  2140 | D:5      | Entered Level 5 of the Dungeon
  2149 | D:5      | HP: 1/33 [poisoned by an adder]
  2153 | D:5      | Slain by an adder

Illustrated notes

Levels and vault maps discovered:
D:1:      dpeg_arrival_arbitrary_c, layout_loops_ring, minmay_misc_feat_plants
D:2:      layout_basic, uniq_crazy_yiuf_cottage
D:4:      layout_basic, gammafunk_ghost_cemetery, minmay_ogre_servants
D:5:      layout_basic

Skill      XL: |  1  2  3 |
---------------+----------+-----
Dodging        | 2 |  2.1
Spellcasting   | 3 |  3.0
Fighting       | |  0.3
Maces & Flails | |  0.7
Stealth        | |  1.9
Unarmed Combat | |  0.3
Transmutations | |  1.0
Earth Magic    | |  3.7

Action                   |  1- 3 |  4- 6 || total
-------------------------+-------+-------++-------
Melee: Whip              |    48 |    14 ||    62
       Unarmed           |    24 |       ||    24
       Tailslap          |     7 |       ||     7
 Cast: Sandblast         |    30 |       ||    30
  Use: Scroll            |     1 |       ||     1
Armor: Skin              |    21 |     7 ||    28
Dodge: Dodged            |    55 |    18 ||    73

Table legend: (Time is in decaauts)
 A = Elapsed time spent in this place.
 B = Non-inter-level travel time spent in this place.
 C = Inter-level travel time spent in this place.
 D = Time resting spent in this place.
 E = Time spent auto-exploring this place.
 F = Levels seen in this place.
 G = Mean time per level.
                   A        B        C        D        E       F      G
               +--------+--------+--------+--------+--------+-----+--------+
         Total |   2158 |   1896 |    262 |    239 |   1332 |   4 |  539.5 |
       Dungeon |   2158 |   1896 |    262 |    239 |   1332 |   4 |  539.5 |
               +--------+--------+--------+--------+--------+-----+--------+

Top non-repeatable levels by time:
     D:1: 1244 daAuts
     D:2: 838 daAuts
     D:4: 61 daAuts
     D:5: 13 daAuts
